2496 views
Uploaded 2021-09-11 14:41:03
Game version 1.32.10
12:39 long 4on4 ladder game on (8)Mur'gulOasis_LV
Saved by Profited
2496 views
Uploaded 2021-09-11 14:41:03
Game version 1.32.10
12:39 long 4on4 ladder game on (8)Mur'gulOasis_LV


90 units @ 11.6k
/ 1.4k
55 buildings @ 7.4k
/ 2.7k

| Scroll of Regeneration | 1 | 100 |
| Lesser Clarity Potion | 2 | 140 |
| total: | 3 | 240g |
| Peasant | 18 | 1350 | / | 0 |
| Footman | 1 | 135 | / | 0 |
| Rifleman | 4 | 820 | / | 120 |
| total: | 23 | 2305g | / | 120w |
| Altar of Kings | 2 | 360 | / | 100 |
| Farm | 6 | 480 | / | 120 |
| Lumber Mill | 1 | 120 | / | 0 |
| Barracks | 2 | 320 | / | 120 |
| Blacksmith | 1 | 140 | / | 60 |
| Arcane Vault | 1 | 130 | / | 30 |
| Keep | 1 | 320 | / | 210 |
| Castle | 1 | 360 | / | 210 |
| total: | 13 | 1550g | / | 430w |
| 0:03 | Peasant |
| 0:03 | Peasant |
| 0:07 | Altar of Kings |
| 0:11 | Farm |
| 0:36 | Peasant |
| 0:36 | Peasant |
| 0:36 | Peasant |
| 0:58 | Lumber Mill |
| 1:01 | Peasant |
| 1:01 | Peasant |
| 1:22 | Peasant |
| 1:31 | Farm |
| 1:37 | Farm |
| 2:10 | Barracks |
| 2:12 | Barracks |
| 2:19 | Blacksmith |
| 2:31 | Storm Bolt |
| 3:21 | Arcane Vault |
| 3:44 | Keep |
| 3:46 | Iron Forged Swords |
| 4:10 | Improved Lumber Harvesting |
| 4:13 | Footman |
| 4:19 | Scroll of Regeneration |
| 4:19 | Lesser Clarity Potion |
| 4:39 | Rifleman |
| 4:58 | Lesser Clarity Potion |
| 5:47 | Rifleman |
| 6:32 | Castle |
| 7:15 | Long Rifles |
| 7:17 | Black Gunpowder |
| 7:18 | Studded Leather Armor |
| 7:27 | Bash |
| 7:36 | Farm |
| 7:37 | Farm |
| 7:37 | Farm |
| 7:45 | Bash |
| 10:04 | Peasant |
| 10:04 | Peasant |
| 10:04 | Peasant |
| 10:04 | Peasant |
| 10:30 | Rifleman |
| 10:54 | Peasant |
| 11:17 | Peasant |
| 11:18 | Peasant |
| 11:41 | Altar of Kings |
| 11:53 | Peasant |
| 11:53 | Peasant |
| 11:55 | Rifleman |
| 11:56 | Peasant |
| 12:07 | Improved Masonry |
| Chat | 328 |
| Right click | 174 |
| Select | 87 |
| Select group | 55 |
| Build/train/purchase | 44 |
| Assign group | 18 |
| Minimap ping | 14 |
| Use ability | 13 |


| Lesser Clarity Potion | 3 | 210 |
| Staff of Preservation | 1 | 150 |
| Scroll of Regeneration | 1 | 100 |
| Staff of Sanctuary | 1 | 250 |
| total: | 6 | 710g |
| Wisp | 12 | 720 | / | 0 |
| Huntress | 3 | 585 | / | 60 |
| Dryad | 4 | 580 | / | 240 |
| Druid of the Talon | 4 | 580 | / | 80 |
| Faerie Dragon | 1 | 155 | / | 25 |
| total: | 24 | 2620g | / | 405w |
| Ancient Protector | 1 | 135 | / | 80 |
| Moon Well | 5 | 900 | / | 200 |
| Hunter's Hall | 1 | 210 | / | 100 |
| Ancient of War | 1 | 150 | / | 60 |
| Altar of Elders | 1 | 180 | / | 50 |
| Ancient of Wonders | 1 | 90 | / | 30 |
| Ancient of Wind | 1 | 150 | / | 140 |
| Ancient of Lore | 1 | 155 | / | 145 |
| Tree of Ages | 1 | 320 | / | 180 |
| Tree of Eternity | 1 | 330 | / | 200 |
| total: | 12 | 1970g | / | 805w |
| 0:03 | Wisp |
| 0:03 | Wisp |
| 0:03 | Wisp |
| 0:21 | Moon Well |
| 0:35 | Wisp |
| 0:46 | Wisp |
| 0:52 | Hunter's Hall |
| 1:01 | Ancient of War |
| 1:04 | Wisp |
| 1:24 | Wisp |
| 1:24 | Wisp |
| 1:32 | Altar of Elders |
| 2:03 | Huntress |
| 2:11 | Moon Well |
| 2:28 | Huntress |
| 2:50 | Ancient of Wonders |
| 2:59 | Wisp |
| 3:30 | Tree of Ages |
| 3:35 | Summon Lava Spawn |
| 3:39 | Huntress |
| 3:53 | Moon Well |
| 4:30 | Incinerate |
| 5:45 | Incinerate |
| 6:02 | Lesser Clarity Potion |
| 6:03 | Staff of Preservation |
| 6:10 | Ancient of Wind |
| 6:12 | Ancient of Lore |
| 6:55 | Tree of Eternity |
| 6:56 | Ultravision |
| 7:10 | Moon Well |
| 7:37 | Dryad |
| 7:37 | Dryad |
| 7:37 | Abolish Magic |
| 7:38 | Druid of the Talon |
| 7:39 | Druid of the Talon |
| 7:52 | Druid of the Talon Adept Training |
| 8:19 | Lesser Clarity Potion |
| 8:34 | Summon Lava Spawn |
| 8:43 | Searing Arrows |
| 9:14 | Scroll of Regeneration |
| 9:47 | Lesser Clarity Potion |
| 10:06 | Staff of Sanctuary |
| 10:11 | Druid of the Talon Master Training |
| 10:11 | Druid of the Talon |
| 10:11 | Druid of the Talon |
| 10:12 | Dryad |
| 10:12 | Dryad |
| 10:22 | Wisp |
| 10:22 | Wisp |
| 10:56 | Ancient Protector |
| 10:59 | Wisp |
| 11:26 | Faerie Dragon |
| 11:46 | Moon Well |
| Right click | 506 |
| Select | 219 |
| Select group | 98 |
| Assign group | 76 |
| Build/train/purchase | 62 |
| Use ability | 15 |
| Resource trade | 9 |
| Item give/drop | 5 |


| Scroll of Regeneration | 3 | 300 |
| Lesser Clarity Potion | 1 | 70 |
| Scroll of Town Portal | 2 | 700 |
| total: | 6 | 1070g |
| Peasant | 8 | 600 | / | 0 |
| Rifleman | 11 | 2255 | / | 330 |
| Mortar Team | 4 | 720 | / | 280 |
| total: | 23 | 3575g | / | 610w |
| Scout Tower | 1 | 30 | / | 20 |
| Arcane Tower | 1 | 70 | / | 50 |
| Altar of Kings | 2 | 360 | / | 100 |
| Blacksmith | 1 | 140 | / | 60 |
| Barracks | 1 | 160 | / | 60 |
| Farm | 8 | 640 | / | 160 |
| Lumber Mill | 1 | 120 | / | 0 |
| Arcane Vault | 2 | 260 | / | 60 |
| Workshop | 1 | 140 | / | 140 |
| Keep | 1 | 320 | / | 210 |
| total: | 17 | 1850g | / | 600w |
| 0:02 | Peasant |
| 0:02 | Peasant |
| 0:04 | Altar of Kings |
| 0:05 | Peasant |
| 0:06 | Peasant |
| 0:48 | Blacksmith |
| 0:55 | Barracks |
| 0:56 | Altar of Kings |
| 0:57 | Peasant |
| 1:09 | Farm |
| 1:10 | Peasant |
| 1:19 | Farm |
| 1:24 | Peasant |
| 1:41 | Peasant |
| 2:01 | Rifleman |
| 2:06 | Farm |
| 2:14 | Scout Tower |
| 2:24 | Rifleman |
| 2:42 | Arcane Tower |
| 2:52 | Rifleman |
| 3:04 | Holy Light |
| 3:11 | Rifleman |
| 3:40 | Keep |
| 3:48 | Devotion Aura |
| 4:13 | Lumber Mill |
| 4:15 | Farm |
| 4:18 | Arcane Vault |
| 4:20 | Arcane Vault |
| 4:50 | Black Gunpowder |
| 4:59 | Rifleman |
| 5:06 | Rifleman |
| 5:21 | Farm |
| 5:26 | Scroll of Regeneration |
| 5:30 | Lesser Clarity Potion |
| 6:33 | Workshop |
| 6:43 | Long Rifles |
| 6:47 | Holy Light |
| 6:55 | Farm |
| 7:05 | Scroll of Regeneration |
| 7:11 | Storm Bolt |
| 7:28 | Rifleman |
| 7:35 | Mortar Team |
| 7:47 | Mortar Team |
| 7:50 | Farm |
| 8:36 | Rifleman |
| 8:40 | Scroll of Town Portal |
| 8:51 | Farm |
| 9:08 | Scroll of Town Portal |
| 9:30 | Refined Gunpowder |
| 10:04 | Rifleman |
| 10:05 | Mortar Team |
| 10:34 | Rifleman |
| 10:59 | Bash |
| 11:04 | Mortar Team |
| 11:34 | Scroll of Regeneration |
| 11:53 | Rifleman |
| Right click | 421 |
| Select | 191 |
| Chat | 129 |
| Select group | 67 |
| Build/train/purchase | 46 |
| Assign group | 24 |
| Use ability | 20 |
| Minimap ping | 5 |
| Misc. action | 3 |
| Item give/drop | 1 |


| Healing Salve | 2 | 200 |
| Orb of Lightning | 1 | 375 |
| Scroll of Town Portal | 1 | 350 |
| Scroll of Regeneration | 1 | 100 |
| total: | 5 | 1025g |
| Peon | 9 | 675 | / | 0 |
| Grunt | 8 | 1600 | / | 0 |
| Tauren | 3 | 840 | / | 240 |
| total: | 20 | 3115g | / | 240w |
| Altar of Storms | 1 | 180 | / | 50 |
| Orc Burrow | 6 | 960 | / | 240 |
| Barracks | 1 | 180 | / | 50 |
| Voodoo Lounge | 1 | 130 | / | 30 |
| War Mill | 1 | 205 | / | 0 |
| Tauren Totem | 2 | 270 | / | 310 |
| Spirit Lodge | 1 | 150 | / | 150 |
| Stronghold | 1 | 315 | / | 190 |
| Fortress | 1 | 325 | / | 190 |
| total: | 13 | 2075g | / | 830w |
| 0:03 | Peon |
| 0:03 | Peon |
| 0:04 | Peon |
| 0:12 | Altar of Storms |
| 0:21 | Orc Burrow |
| 0:36 | Peon |
| 0:53 | Barracks |
| 1:03 | Peon |
| 1:03 | Peon |
| 1:19 | Peon |
| 1:34 | Peon |
| 1:56 | Voodoo Lounge |
| 2:02 | Grunt |
| 2:18 | Orc Burrow |
| 2:43 | War Mill |
| 2:55 | Peon |
| 3:02 | War Stomp |
| 3:16 | Grunt |
| 3:28 | Orc Burrow |
| 3:33 | Pillage |
| 3:46 | Healing Salve |
| 4:19 | Stronghold |
| 4:28 | Grunt |
| 4:52 | Grunt |
| 5:11 | Endurance Aura |
| 6:06 | Scroll of Regeneration |
| 6:15 | Grunt |
| 6:19 | Orc Burrow |
| 6:44 | Fortress |
| 7:30 | Grunt |
| 7:31 | Grunt |
| 7:40 | Endurance Aura |
| 8:11 | Grunt |
| 8:22 | Healing Salve |
| 8:32 | Scroll of Town Portal |
| 8:46 | Healing Wave |
| 9:17 | Tauren Totem |
| 9:46 | Tauren Totem |
| 9:53 | Orb of Lightning |
| 10:32 | Spirit Lodge |
| 10:36 | Pulverize |
| 11:03 | Tauren |
| 11:05 | Tauren |
| 11:53 | Tauren |
| 12:05 | Shaman Adept Training |
| 12:11 | Orc Burrow |
| 12:15 | Orc Burrow |
| Right click | 241 |
| Select group | 240 |
| Select | 99 |
| Assign group | 57 |
| Build/train/purchase | 49 |
| Misc. action | 28 |
| Use ability | 12 |
| Item give/drop | 1 |
| Esc | 1 |
91 units @ 13.2k
/ 1.8k
55 buildings @ 7.4k
/ 2.8k

| Wisp | 17 | 1020 | / | 0 |
| Chimaera | 4 | 1320 | / | 280 |
| total: | 21 | 2340g | / | 280w |
| Ancient Protector | 1 | 135 | / | 80 |
| Moon Well | 7 | 1260 | / | 280 |
| Hunter's Hall | 2 | 420 | / | 200 |
| Altar of Elders | 1 | 180 | / | 50 |
| Ancient of Wonders | 1 | 90 | / | 30 |
| Ancient of Wind | 2 | 300 | / | 280 |
| Chimaera Roost | 2 | 280 | / | 380 |
| Tree of Ages | 1 | 320 | / | 180 |
| Tree of Eternity | 1 | 330 | / | 200 |
| total: | 16 | 2665g | / | 1300w |
| 0:03 | Wisp |
| 0:03 | Wisp |
| 0:03 | Wisp |
| 0:20 | Moon Well |
| 0:24 | Wisp |
| 0:24 | Wisp |
| 0:24 | Wisp |
| 0:24 | Wisp |
| 0:24 | Wisp |
| 0:41 | Hunter's Hall |
| 0:49 | Hunter's Hall |
| 0:52 | Wisp |
| 0:52 | Wisp |
| 1:35 | Moon Well |
| 1:37 | Wisp |
| 1:38 | Wisp |
| 2:24 | Tree of Ages |
| 2:25 | Ultravision |
| 2:27 | Reinforced Hides |
| 2:56 | Altar of Elders |
| 3:00 | Strength of the Wild |
| 3:58 | Moon Well |
| 4:00 | Moon Well |
| 4:05 | Moon Well |
| 4:45 | Tree of Eternity |
| 4:48 | Improved Reinforced Hides |
| 5:12 | Improved Strength of the Wild |
| 5:51 | Searing Arrows |
| 6:57 | Moon Well |
| 6:59 | Moon Well |
| 7:06 | Wisp |
| 7:07 | Wisp |
| 7:07 | Wisp |
| 7:12 | Chimaera Roost |
| 7:14 | Chimaera Roost |
| 7:32 | Ancient of Wonders |
| 7:36 | Ancient Protector |
| 7:38 | Advanced Reinforced Hides |
| 7:43 | Wisp |
| 7:46 | Wisp |
| 8:14 | Advanced Strength of the Wild |
| 8:44 | Chimaera |
| 9:02 | Chimaera |
| 9:33 | Chimaera |
| 9:48 | Nature's Blessing |
| 10:45 | Chimaera |
| 10:47 | Corrosive Breath |
| 10:49 | Well Spring |
| 11:00 | Trueshot Aura |
| 11:40 | Ancient of Wind |
| 11:42 | Ancient of Wind |
| 12:07 | Trueshot Aura |
| Right click | 173 |
| Select | 126 |
| Build/train/purchase | 41 |
| Assign group | 7 |
| Remove unit | 2 |
| Select group | 2 |
| Minimap ping | 1 |



| Scroll of Regeneration | 3 | 300 |
| Lesser Clarity Potion | 2 | 140 |
| Staff of Sanctuary | 1 | 250 |
| Scroll of Town Portal | 3 | 1050 |
| total: | 9 | 1740g |
| Peasant | 8 | 600 | / | 0 |
| Footman | 5 | 675 | / | 0 |
| Priest | 3 | 405 | / | 30 |
| Knight | 5 | 1225 | / | 300 |
| total: | 21 | 2905g | / | 330w |
| Altar of Kings | 1 | 180 | / | 50 |
| Farm | 7 | 560 | / | 140 |
| Barracks | 1 | 160 | / | 60 |
| Arcane Vault | 1 | 130 | / | 30 |
| Lumber Mill | 1 | 120 | / | 0 |
| Blacksmith | 1 | 140 | / | 60 |
| Arcane Sanctum | 1 | 150 | / | 140 |
| Keep | 1 | 320 | / | 210 |
| Castle | 1 | 360 | / | 210 |
| total: | 13 | 1440g | / | 480w |
| 0:01 | Peasant |
| 0:03 | Altar of Kings |
| 0:04 | Peasant |
| 0:17 | Farm |
| 0:18 | Barracks |
| 0:24 | Peasant |
| 0:35 | Peasant |
| 0:47 | Peasant |
| 0:53 | Farm |
| 1:03 | Peasant |
| 1:19 | Footman |
| 1:20 | Peasant |
| 1:34 | Footman |
| 1:43 | Peasant |
| 1:49 | Farm |
| 2:02 | Footman |
| 2:04 | Summon Water Elemental |
| 2:22 | Footman |
| 2:47 | Keep |
| 2:58 | Arcane Vault |
| 3:01 | Brilliance Aura |
| 3:10 | Lumber Mill |
| 3:25 | Footman |
| 3:51 | Farm |
| 4:15 | Summon Water Elemental |
| 4:28 | Blacksmith |
| 4:35 | Scroll of Regeneration |
| 4:38 | Scroll of Regeneration |
| 4:38 | Lesser Clarity Potion |
| 4:47 | Lesser Clarity Potion |
| 4:53 | Farm |
| 5:45 | Castle |
| 6:01 | Scroll of Town Portal |
| 6:05 | Arcane Sanctum |
| 6:07 | Storm Bolt |
| 6:24 | Farm |
| 6:44 | Iron Forged Swords |
| 7:40 | Priest |
| 7:40 | Priest |
| 7:51 | Iron Plating |
| 7:59 | Thunder Clap |
| 8:11 | Animal War Training |
| 8:26 | Farm |
| 8:38 | Brilliance Aura |
| 8:48 | Knight |
| 8:48 | Priest |
| 8:52 | Priest Adept Training |
| 9:11 | Staff of Sanctuary |
| 9:15 | Scroll of Regeneration |
| 9:17 | Holy Light |
| 9:30 | Knight |
| 9:46 | Scroll of Town Portal |
| 9:54 | Priest Master Training |
| 10:13 | Knight |
| 10:34 | Steel Forged Swords |
| 10:53 | Knight |
| 10:55 | Divine Shield |
| 10:56 | Storm Bolt |
| 11:20 | Knight |
| 11:33 | Scroll of Town Portal |
| 11:51 | Steel Plating |
| Select group | 1239 |
| Right click | 814 |
| Select | 385 |
| Misc. action | 187 |
| Build/train/purchase | 114 |
| Assign group | 104 |
| Chat | 22 |
| Use ability | 19 |
| Item give/drop | 6 |
| Esc | 2 |
| Minimap ping | 2 |


| Rod of Necromancy | 2 | 300 |
| Potion of Healing | 1 | 150 |
| total: | 3 | 450g |
| Acolyte | 2 | 150 | / | 0 |
| Ghoul | 3 | 360 | / | 0 |
| Crypt Fiend | 12 | 2580 | / | 480 |
| Obsidian Statue | 2 | 400 | / | 70 |
| total: | 19 | 3490g | / | 550w |
| Nerubian Tower | 1 | 100 | / | 20 |
| Spirit Tower | 1 | 145 | / | 40 |
| Crypt | 1 | 200 | / | 50 |
| Graveyard | 1 | 215 | / | 0 |
| Ziggurat | 5 | 750 | / | 250 |
| Altar of Darkness | 1 | 180 | / | 50 |
| Tomb of Relics | 1 | 130 | / | 30 |
| Slaughterhouse | 1 | 140 | / | 135 |
| Halls of the Dead | 1 | 320 | / | 210 |
| Black Citadel | 1 | 325 | / | 230 |
| total: | 10 | 1615g | / | 515w |
| 0:04 | Acolyte |
| 0:07 | Crypt |
| 0:08 | Graveyard |
| 0:19 | Acolyte |
| 0:39 | Ziggurat |
| 0:58 | Altar of Darkness |
| 1:11 | Ghoul |
| 1:32 | Crypt Fiend |
| 1:40 | Nerubian Tower |
| 1:57 | Tomb of Relics |
| 2:17 | Crypt Fiend |
| 2:35 | Ziggurat |
| 2:57 | Creature Attack |
| 3:01 | Death Coil |
| 3:03 | Rod of Necromancy |
| 3:27 | Crypt Fiend |
| 4:09 | Crypt Fiend |
| 4:20 | Halls of the Dead |
| 5:01 | Crypt Fiend |
| 5:02 | Creature Carapace |
| 5:04 | Ghoul |
| 5:04 | Ghoul |
| 5:07 | Unholy Aura |
| 5:21 | Rod of Necromancy |
| 6:03 | Crypt Fiend |
| 6:06 | Ziggurat |
| 6:15 | Spirit Tower |
| 6:57 | Unholy Aura |
| 7:02 | Ziggurat |
| 7:16 | Crypt Fiend |
| 7:41 | Improved Creature Attack |
| 7:57 | Frost Nova |
| 8:04 | Slaughterhouse |
| 8:37 | Web |
| 8:41 | Crypt Fiend |
| 8:46 | Potion of Healing |
| 8:58 | Ziggurat |
| 9:11 | Obsidian Statue |
| 9:35 | Crypt Fiend |
| 9:47 | Improved Creature Carapace |
| 10:15 | Obsidian Statue |
| 10:44 | Black Citadel |
| 11:05 | Crypt Fiend |
| 11:28 | Crypt Fiend |
| 11:50 | Crypt Fiend |
| 12:31 | Death Coil |
| Right click | 541 |
| Select group | 289 |
| Chat | 265 |
| Select | 173 |
| Build/train/purchase | 56 |
| Assign group | 32 |
| Use ability | 19 |
| Minimap ping | 4 |
| Remove unit | 2 |


| Scroll of Regeneration | 4 | 400 |
| Potion of Healing | 1 | 150 |
| Scroll of Town Portal | 1 | 350 |
| Potion of Lesser Invulnerability | 1 | 150 |
| total: | 7 | 1050g |
| Peasant | 10 | 750 | / | 0 |
| Footman | 4 | 540 | / | 0 |
| Rifleman | 13 | 2665 | / | 390 |
| Mortar Team | 3 | 540 | / | 210 |
| total: | 30 | 4495g | / | 600w |
| Farm | 10 | 800 | / | 200 |
| Altar of Kings | 1 | 180 | / | 50 |
| Barracks | 1 | 160 | / | 60 |
| Blacksmith | 1 | 140 | / | 60 |
| Arcane Vault | 1 | 130 | / | 30 |
| Lumber Mill | 1 | 120 | / | 0 |
| Workshop | 1 | 140 | / | 140 |
| Keep | 2 | 640 | / | 420 |
| total: | 16 | 1670g | / | 540w |
| 0:06 | Peasant |
| 0:06 | Peasant |
| 0:09 | Farm |
| 0:14 | Altar of Kings |
| 0:24 | Barracks |
| 0:31 | Peasant |
| 0:31 | Peasant |
| 0:45 | Peasant |
| 0:50 | Farm |
| 0:51 | Farm |
| 0:59 | Peasant |
| 1:11 | Peasant |
| 1:22 | Peasant |
| 1:27 | Footman |
| 1:28 | Footman |
| 1:45 | Blacksmith |
| 2:08 | Footman |
| 2:08 | Footman |
| 2:11 | Peasant |
| 2:15 | Farm |
| 2:24 | Peasant |
| 2:32 | Storm Bolt |
| 2:59 | Arcane Vault |
| 3:18 | Rifleman |
| 3:21 | Defend |
| 3:22 | Keep |
| 3:47 | Rifleman |
| 3:53 | Thunder Clap |
| 4:03 | Farm |
| 4:09 | Scroll of Regeneration |
| 5:04 | Rifleman |
| 5:14 | Lumber Mill |
| 5:17 | Rifleman |
| 5:19 | Farm |
| 5:32 | Farm |
| 5:59 | Rifleman |
| 6:25 | Thunder Clap |
| 6:27 | Rifleman |
| 6:28 | Long Rifles |
| 6:28 | Rifleman |
| 6:30 | Workshop |
| 6:40 | Farm |
| 6:43 | Black Gunpowder |
| 7:01 | Siphon Mana |
| 7:04 | Scroll of Regeneration |
| 7:04 | Potion of Healing |
| 8:36 | Rifleman |
| 8:38 | Mortar Team |
| 8:38 | Mortar Team |
| 8:50 | Studded Leather Armor |
| 8:51 | Refined Gunpowder |
| 8:53 | Farm |
| 8:56 | Storm Bolt |
| 9:22 | Flame Strike |
| 9:22 | Flame Strike |
| 9:52 | Rifleman |
| 9:53 | Rifleman |
| 9:55 | Reinforced Leather Armor |
| 9:58 | Farm |
| 10:08 | Scroll of Regeneration |
| 10:34 | Rifleman |
| 11:13 | Scroll of Town Portal |
| 11:14 | Potion of Lesser Invulnerability |
| 11:16 | Rifleman |
| 11:21 | Rifleman |
| 11:23 | Mortar Team |
| 11:36 | Scroll of Regeneration |
| Select group | 2626 |
| Right click | 573 |
| Select | 360 |
| Build/train/purchase | 92 |
| Chat | 92 |
| Misc. action | 60 |
| Assign group | 33 |
| Use ability | 24 |
| Esc | 5 |
| Minimap ping | 3 |
| Item give/drop | 2 |
⇛